 Dungeon Crawl Stone Soup version 0.30.1-4-g462c640d31 (webtiles) character file.

Game seed: 17930985407382588500

282727 croobank the Spry (level 20, -5/163 HPs)
             Began as a Gnoll Monk on Aug 11, 2023.
             Was an Initiate of Gozag.
             Slain by Donald
             ... wielding a +0 scimitar of freezing
              (15 damage)
             ... on level 1 of the Vaults on Aug 14, 2023.
             The game lasted 07:31:59 (56839 turns).

croobank the Spry (Gnoll Monk)                     Turns: 56839, Time: 07:32:00

Health: -5/163     AC: 16    Str:  8    XL:     20   Next: 54%
Magic:  0/15       EV: 23    Int: 21    God:    Gozag
Gold:   2736       SH: 10    Dex: 20    Spells: 2/47 levels left

rFire   + + +        i - +6 morningstar of the Modern Beasts {antimagic, rF+++ Will- rCorr}
rCold   + . .        T - +1 buckler
rNeg    + + +        E - +2 animal skin of Koiguish {Contam rElec Will++ MP+9}
rPois   +            d - +2 helmet
rElec   +            h - scarf {rC+ rF+}
rCorr   +            p - +2 pair of gloves
SInv    .            g - +2 pair of boots
Will    +++..        x - amulet "Yfie" {Spirit rN+++ Str-2 Int+3 Slay+3}
Stlth   ++++++       b - ring of willpower
HPRegen 0.47/turn    Q - ring of the Muttering Gods {Wiz rPois rN+ Dex+4}
MPRegen 0.14/turn

%: guardian spirit, wizardry (x1)
@: studying Shields
A: fangs 1, strong nose, distributed training
}: 2/15 runes: barnacled, gossamer
a: Renounce Religion, Potion Petition, Call Merchant, Bribe Branch


You were on level 1 of the Vaults.
You worshipped Gozag.
Gozag was most pleased with you.
You visited 8 branches of the dungeon, and saw 35 of its levels.
You also visited: Sewer and Ossuary.

You collected 14154 gold pieces.
You spent 5358 gold pieces at shops.
You paid 6060 gold pieces to Gozag.

Inventory:

Hand Weapons
 a - a +8 quick blade of draining
 i - the +6 morningstar of the Modern Beasts (weapon) {antimagic, rF+++ Will- rCorr}
   (You bought it in a shop on level 3 of the Dungeon)

   rF:        It renders you almost immune to fire.
   rCorr:     It protects you from acid and corrosion.
   Will:      It decreases your willpower.
 q - the +3 dagger "Jiamo" {heavy, rElec rPois Dex-3}
   (You found it on level 3 of the Dungeon)

   Dex:       It affects your dexterity (-3).
   rElec:     It insulates you from electricity.
   rPois:     It protects you from poison.
 u - the +5 spear "Boniassa" {freeze, Fly Str+4 SInv}
   (You took it off a gnoll on level 4 of the Dungeon)

   Str:       It affects your strength (+4).
   SInv:      It lets you see invisible.
   Fly:       It grants you flight.
 G - a +4 eveningstar of flaming
Armour
 d - a +2 helmet (worn)
 g - a +2 pair of boots (worn)
 h - a scarf of resistance (worn)
 p - a +2 pair of gloves (worn)
 C - a +3 troll leather armour
 E - the +2 animal skin of Koiguish (worn) {Contam rElec Will++ MP+9}
   (You found it on level 3 of the Shoals)

   rElec:     It insulates you from electricity.
   MP:        It affects your magic capacity (+9).
   Contam:    It causes magical contamination when unequipped.
   Will:      It greatly increases your willpower.
 T - a +1 buckler (worn)
Magical Staves
 D - the staff of fire "Niem" {rF+ rN+ Str-3 Int+6 SInv}
   (You found it on level 4 of the Shoals)

   [staff of fire]

   Base accuracy: +5 Base damage: 5 Base attack delay: 1.2 This weapon's minimum
   attack delay (0.6) is reached at skill level 12.
   Str:       It affects your strength (-3).
   Int:       It affects your intelligence (+6).
   rF:        It protects you from fire.
   rN:        It protects you from negative energy.
   SInv:      It lets you see invisible.
   It falls into the 'Staves' category.
   It is a one-handed weapon.
Jewellery
 b - a ring of willpower (left hand)
 e - an amulet of regeneration
 f - the ring "Bixetus" {rF+ rC+ Int+2}
   (You took it off a deep elf annihilator on level 3 of the Elven Halls)

   [ring of protection from cold]

   Int:       It affects your intelligence (+2).
   rF:        It protects you from fire.
   rC:        It protects you from cold.
 l - a ring of resist corrosion
 n - the ring "Wiynen" {rC- MP+9 Int+8 Dex+3 SInv}
   (You took it off a deep elf annihilator on level 3 of the Elven Halls)

   [ring of magical power]

   Int:       It affects your intelligence (+8).
   Dex:       It affects your dexterity (+3).
   rC:        It makes you vulnerable to cold.
   MP:        It affects your magic capacity (+9).
   SInv:      It lets you see invisible.
 r - a +5 ring of evasion
 t - a +6 ring of intelligence
 x - the amulet "Yfie" (around neck) {Spirit rN+++ Str-2 Int+3 Slay+3}
   (You took it off a yaktaur on level 14 of the Dungeon)

   [amulet of guardian spirit]

   It causes incoming damage to be divided between your reserves of health and
   magic.
   Str:       It affects your strength (-2).
   Int:       It affects your intelligence (+3).
   Slay:      It affects your accuracy & damage with ranged weapons and melee
   (+3).
   rN:        It renders you almost immune to negative energy.
 H - a ring of positive energy
 I - a ring of willpower
 Q - the ring of the Muttering Gods (right hand) {Wiz rPois rN+ Dex+4}
   (You found it on level 8 of the Dungeon)

   [ring of wizardry]

   It improves your spell success rate.
   Dex:       It affects your dexterity (+4).
   rPois:     It protects you from poison.
   rN:        It protects you from negative energy.
 U - a ring of flight
 Y - a ring of protection from cold
Wands
 k - a wand of mindburst (14)
 B - a wand of iceblast (37)
 M - a wand of flame (92)
 P - a wand of quicksilver (9)
 S - a wand of digging (3)
Scrolls
 m - 6 scrolls of vulnerability
 o - 13 scrolls of teleportation
 v - 3 scrolls of fear
 w - 2 scrolls of blinking
 J - a scroll of magic mapping
 O - 3 scrolls of amnesia
 R - 4 scrolls of immolation
 W - 6 scrolls of fog
Potions
 c - 5 potions of cancellation
 j - 2 potions of brilliance
 y - a potion of heal wounds
 z - 3 potions of mutation
 A - 6 potions of attraction
 K - 20 potions of curing
 L - 6 potions of lignification
 N - 5 potions of resistance
 X - 9 potions of ambrosia
 Z - 2 potions of invisibility
Miscellaneous
 s - a condenser vane
 F - a lightning rod (2/4)
 V - a phantom mirror


   Skills:
 + Level 15.5 Fighting
 + Level 15.5 Short Blades
 + Level 14.3 Long Blades
 + Level 14.3 Axes
 + Level 14.3 Maces & Flails
 + Level 14.3 Polearms
 + Level 14.3 Staves
 + Level 14.3 Ranged Weapons
 + Level 14.3 Throwing
 + Level 14.3 Armour
 + Level 15.5 Dodging
 + Level 14.3 Stealth
 + Level 15.2 Shields
 + Level 14.3 Unarmed Combat
 + Level 14.3 Spellcasting
 + Level 12.1 Conjurations
 + Level 12.1 Hexes
 + Level 12.1 Summonings
 + Level 12.1 Necromancy
 + Level 12.1 Translocations
 + Level 12.1 Transmutations
 + Level 12.1 Fire Magic
 + Level 12.1 Ice Magic
 + Level 12.1 Air Magic
 + Level 12.1 Earth Magic
 + Level 12.1 Poison Magic
 + Level 15.5 Invocations
 + Level 14.3 Evocations


You had 2 spell levels left.
You knew the following spells:

 Your Spells              Type           Power      Damage    Failure   Level
a - Beastly Appendage     Tmut           100%       N/A       1%          1
b - Wereblood             Tmut           60%        N/A       1%          2
c - Call Canine Familiar  Summ           60%        N/A       1%          3
d - Summon Ice Beast      Ice/Summ       60%        N/A       1%          4
e - Summon Cactus Giant   Summ           30%        N/A       2%          6
f - Summon Mana Viper     Hex/Summ       60%        N/A       1%          5
g - Foxfire               Conj/Fire      100%       2x1d9     1%          1
h - Fireball              Conj/Fire      30%        3d13      1%          5
i - Freezing Cloud        Conj/Ice/Air   30%        6-21      1%          5
j - Arcjolt               Conj/Air       30%        1d40      1%          5
k - Blink                 Tloc           100%       N/A       1%          2
l - Statue Form           Tmut/Erth      40%        N/A       2%          6

Your spell library contained the following spells:

 Spells                   Type           Power      Damage    Failure   Level
 Apportation              Tloc           100%       N/A       1%          1
 Magic Dart               Conj           100%       1d8       1%          1
 Necrotise                Necr           100%       1d9       1%          1
 Sting                    Tmut/Pois      100%       1d8       1%          1
 Summon Small Mammal      Summ           100%       N/A       1%          1
 Call Imp                 Summ           100%       N/A       1%          2
 Cigotuvi's Dreadful Rot  Necr/Pois/Air  100%       N/A       1%          2
 Lesser Beckoning         Tloc           100%       N/A       1%          2
 Momentum Strike          Conj/Tloc      100%       3d10      1%          2
 Poisonous Vapours        Pois/Air       100%       N/A       1%          2
 Scorch                   Fire           100%       2d9       1%          2
 Frozen Ramparts          Ice            100%       1d16      1%          3
 Gell's Gravitas          Tloc           60%        N/A       1%          3
 Ignite Poison            Fire/Tmut/Pois 60%        N/A       1%          3
 Mephitic Cloud           Conj/Pois/Air  60%        N/A       1%          3
 Portal Projectile        Hex/Tloc       100%       N/A       1%          3
 Spider Form              Tmut/Pois      60%        N/A       1%          3
 Summon Guardian Golem    Hex/Summ       60%        N/A       1%          3
 Teleport Other           Tloc           60%        N/A       1%          3
 Vampiric Draining        Necr           60%        2d10      1%          3
 Vhi's Electric Charge    Tloc/Air       100%       N/A       1%          3
 Volatile Blastmotes      Fire/Tloc      100%       2d18      1%          3
 Anguish                  Hex/Necr       30%        N/A       1%          4
 Animate Armour           Summ/Erth      100%       N/A       1%          4
 Cause Fear               Hex            30%        N/A       1%          4
 Fulminant Prism          Conj/Hex       30%        3d16      1%          4
 Iskenderun's Mystic Bla  Conj/Tloc      60%        2d13      1%          4
 Leda's Liquefaction      Hex/Erth       30%        N/A       1%          4
 Manifold Assault         Tloc           60%        N/A       1%          4
 Olgreb's Toxic Radiance  Pois           60%        N/A       1%          4
 Petrify                  Tmut/Erth      60%        N/A       1%          4
 Sticky Flame             Conj/Fire      60%        2d8       1%          4
 Agony                    Necr           60%        N/A       1%          5
 Alistair's Intoxication  Tmut/Pois      40%        N/A       1%          5
 Blade Hands              Tmut           30%        N/A       1%          5
 Borgnjor's Vile Clutch   Necr/Erth      30%        N/A       1%          5
 Lee's Rapid Deconstruct  Erth           30%        3d16*     1%          5
 Metabolic Englaciation   Hex/Ice        30%        N/A       1%          5
 Dispersal                Tloc           30%        N/A       2%          6
 Eringya's Noxious Bog    Tmut/Pois      30%        N/A       2%          6
 Iron Shot                Conj/Erth      30%        9d6       2%          6
 Plasma Beam              Fire/Air       30%        2x1d47    2%          6
 Starburst                Conj/Fire      30%        6d9       2%          6
 Dragon Form              Tmut           30%        N/A       12%         7
 Enfeeble                 Hex            30%        N/A       12%         7
 Monstrous Menagerie      Summ           30%        N/A       12%         7
 Spellforged Servitor     Conj/Summ      30%        N/A       12%         7
 Borgnjor's Revivificati  Necr           30%        N/A       65%         8
 Discord                  Hex            30%        N/A       65%         8
 Disjunction              Tloc           30%        N/A       65%         8
 Ignition                 Fire           30%        3d10      65%         8
 Maxwell's Capacitive Co  Air            30%        ∞         65%         8
 Necromutation            Tmut/Necr      30%        N/A       65%         8
 Death's Door             Necr           30%        N/A       100%        9
 Dragon's Call            Summ           30%        N/A       100%        9


Dungeon Overview and Level Annotations

Branches:
Dungeon (15/15)            Temple (1/1) D:6            Lair (5/5) D:11
 Shoals (4/4) Lair:2       Spider (4/4) Lair:2        Slime (0/5) Lair:4
    Orc (2/2) D:10            Elf (3/3) Orc:2        Vaults (1/5) D:13
 Depths (0/4) D:15          Sewer (visited)         Ossuary (visited)

Altars:
Ashenzari
Cheibriados
Dithmenos
Elyvilon
Fedhas
Gozag
Hepliaklqana
Kikubaaqudgha
Makhleb
Nemelex Xobeh
Okawaru
Qazlal
Ru
Sif Muna
Trog
Uskayaw
Vehumet
Wu Jian
Xom
Yredelemnul
Zin
The Shining One
Jiyva
Lugonu

Shops:
D:3 (   D:4 *!(   D:13 :   D:14 *   D:15 *   Orc:1 =   Orc:2 !*(*   Elf:2 (

Portals:
Abyss: Lair:5

Annotations:
D:2 1 runed translucent door, Crazy Yiuf
D:8 1 runed translucent door, Wiggles's ghost, novice MiBe
D:11 1 runed translucent door
Shoals:3 1 runed translucent door, Qidumn's ghost, adept MiFi
Shoals:4 1 runed translucent door, jujuben's ghost, adept MfGl
Spider:2 1 runed translucent door, monsoonserge's ghost, adept MiBe
Orc:1 1 runed translucent door, safid's ghost, journeyman MfIE
Elf:3 2 transporters, Taurus's ghost, adept MiFi
Vaults:1 Donald


Innate Abilities, Weirdness & Mutations

You have very sharp teeth.
Your uncanny sense of smell can sniff out nearby items.
Your experience applies equally to all skills.


Message History

Donald hits you with a +0 scimitar of freezing!!
Donald freezes you.
The vault warden simulacrum closely misses you.
The ice beast barely misses you.
You completely miss Donald.
Donald hits you with a +0 scimitar of freezing!
Donald freezes you.
The ice beast hits you but does no damage.
Donald hits you with a +0 scimitar of freezing!!
The vault warden simulacrum closely misses you.
Donald blocks your attack. You block Donald's attack.
You hit Donald but do no damage. You bite Donald, but do no damage.
The ice beast closely misses you. Donald misses you.
The vault warden simulacrum completely misses you.
You hit Donald but do no damage. You block Donald's attack.
The ice beast completely misses you.
You thump Donald!
Donald's magic leaks into the air.
You bite Donald, but do no damage.
Donald is lightly wounded.
Donald says, "I saw some gold over there.
Quick, better go get it!"
Donald closely misses you.
You block the vault warden simulacrum's attack.
The ice beast misses you.
You hit Donald.
Donald's magic leaks into the air.
Donald is lightly wounded.
Donald misses you. The vault warden simulacrum hits you!
The vault warden simulacrum freezes you!
You resist.
* * * LOW HITPOINT WARNING * * *
You block the ice beast's attack.
Donald hits you with a +0 scimitar of freezing!!
* * * LOW HITPOINT WARNING * * *
Donald freezes you.
* * * LOW HITPOINT WARNING * * *
Donald blocks your attack.
Donald is lightly wounded.
Donald says, "I've got a headache.
I hate that."
Donald hits you with a +0 scimitar of freezing!
You die...
Your body crumbles into a pile of gold.

+.........#
#.........#
#......∩..#
#.........#
####'#########
#......#
#......#########
#......#.......#
#......'@@.....#
#..(...#ZY#.#..#
#......#.....
#......#..#.#..
#......#...... $
########.....[.
##+######


You could see Donald (fast, strong, magic disrupted, reflecting), an ice beast
and a vault warden simulacrum.

Vanquished Creatures
  Saint Roka (Orc:2)
  Jorgrun (D:13)
  Zenata (Elf:3)
  Rupert (D:15)
  A deep elf master archer (Elf:3)
  3 deep elf blademasters
  Agnes (D:14)
  Kirke (D:14)
  A storm dragon (Elf:2)
  Roxanne (Spider:4)
  A frost giant (Elf:2)
  Ilsuiw (Shoals:4)
  4 deep elf sorcerers (Elf:3)
  4 emperor scorpions
  A deep elf elementalist (Elf:2)
  A ghost moth (Spider:3)
  Louise (D:15)
  2 stone giants (Elf:2)
  8 deep elf annihilators
  5 deep elf demonologists
  2 spark wasps
  A dire elephant (shapeshifter) (Lair:5)
  2 ettins (Orc:2)
  3 deep elf death magi
  A fire dragon (D:15)
  2 merfolk javelineers (Shoals:4)
  8 merfolk impalers
  Snorg (Orc:1)
  5 hydras
  A deep elf high priest (Elf:3)
  6 entropy weavers
  3 ice dragons
  Erolcha (D:11)
  4 merfolk avatars
  14 two-headed ogres
  3 radroaches (Spider:4)
  4 merfolk aquamancers
  2 satyrs
  2 ogre magi (Orc:2)
  A jorogumo (Spider:3)
  A death knight (D:14)
  A catoblepas (Lair:1)
  7 centaur warriors
  9 dancing weapons
  5 boulder beetles
  6 death yaks
  3 tengu warriors
  4 thrashing horrors (Lair:5)
  11 deep elf knights
  4 skysharks
  2 sun moths
  4 pharaoh ants
  13 sea snakes
  3 skeletal warriors (D:13)
  2 deep trolls (Orc:2)
  7 orb spiders
  5 deep elf archers
  Pikel (D:7)
  A necromancer (Lair:2)
  3 wizards
  An orc knight (Orc:2)
  9 steelbarb worms
  14 deep elf pyromancers
  13 harpies
  18 ugly things
  14 wolf spiders
  3 orc sorcerers
  15 fauns
  12 deep elf zephyrmancers
  3 large abominations (Lair:5)
  7 elephants
  2 moths of wrath
  16 cyclopes
  18 manticores
  Maurice (Orc:2)
  A black mamba (Lair:1)
  8 merfolk sirens
  5 water nymphs
  A black mamba (shapeshifter) (D:14)
  5 torpor snails
  3 smoke demons (Lair:5)
  3 gargoyles
  4 yaktaurs
  10 demonic crawlers
  3 komodo dragons
  3 cane toads
  3 unseen horrors (D:15)
  A rime drake (Lair:2)
  2 kobold demonologists (D:11)
  5 wind drakes
  33 merfolk
  2 polar bears (Lair:1)
  2 hornets
  3 meliai (Spider:4)
  12 trolls
  24 tarantellas
  An ancient zyme (Lair:5)
  Grinder (D:3)
  4 snapping turtles
  10 dream sheep
  24 blink frogs
  9 slime creatures
  3 air elementals
  20 jumping spiders
  16 culicivoras
  Sigmund (D:2)
  9 water elementals
  A vampire (D:9)
  3 wraiths
  2 shadows
  2 ynoxinuls (Lair:5)
  8 wyverns
  3 fire elementals
  2 hogs (D:14)
  26 yaks
  6 basilisks
  A hog (shapeshifter) (D:13)
  48 redbacks
  5 vampire mosquitoes
  Menkaure (Ossuary)
  3 wargs
  An acid dragon (D:14)
  11 water moccasins
  25 orc warriors
  An ice beast (D:6)
  2 sky beasts
  3 black bears
  5 wolves (Lair:1)
  24 ogres
  4 centaurs
  2 nameless horrors
  5 kobold brigands
  A lemure (D:7)
  2 phantoms
  14 bullfrogs
  3 gnoll sergeants
  A scorpion (D:7)
  20 wights
  18 killer bees
  3 electric eels
  13 jellies
  8 small abominations (Lair:5)
  12 orc priests
  3 hounds (D:5)
  5 gnoll boudas
  Natasha (twice) (D:2)
  7 iguanas
  2 sleepcaps (D:4)
  19 orc wizards
  A yak simulacrum (Lair:2)
  2 polar bear simulacra (Lair:2)
  5 wolf simulacra (Lair:2)
  A boggart simulacrum (D:15)
  3 mummies (Ossuary)
  7 adders
  47 gnolls
  A shadow imp (D:5)
  A white imp (D:7)
  4 dart slugs
  65 orcs
  15 ball pythons
  14 endoplasms
  A giant cockroach (shapeshifter) (Lair:5)
  13 giant cockroaches
  4 gnoll zombies (Ossuary)
  4 goblins
  6 hobgoblins
  13 quokkas
  5 bats
  7 frilled lizards
  5 gnoll skeletons (Ossuary)
  7 goblin skeletons (Ossuary)
  2 goblin zombies (Ossuary)
  3 hobgoblin skeletons (Ossuary)
  7 hobgoblin zombies (Ossuary)
  21 kobolds
  3 kobold skeletons (Ossuary)
  2 kobold zombies (Ossuary)
  3 orc skeletons (Ossuary)
  4 orc zombies (Ossuary)
  9 rats
  4 rat skeletons (Ossuary)
  6 rat zombies (Ossuary)
  A river rat simulacrum (Lair:2)
1198 creatures vanquished.

Vanquished Creatures (collateral kills)
  Nikola (Elf:1)
  A deep elf master archer (Elf:3)
  3 ghost moths
  2 deep elf elementalists
  2 deep elf demonologists (Elf:3)
  4 deep elf annihilators (Elf:3)
  A deep elf high priest (Elf:3)
  A merfolk impaler (Shoals:3)
  A peacekeeper (Elf:1)
  2 merfolk aquamancers (Shoals:4)
  2 boulder beetles
  A radroach (Spider:1)
  A centaur warrior (Shoals:1)
  13 dancing weapons
  A satyr (Shoals:3)
  2 death yaks
  4 deep elf knights
  A pharaoh ant (Spider:2)
  3 sea snakes
  A sun moth (Spider:3)
  2 deep elf archers
  3 orb spiders
  A steelbarb worm (Spider:4)
  2 harpies (Lair:2)
  7 deep elf zephyrmancers (Elf:2)
  An orc sorcerer (Elf:1)
  4 deep elf pyromancers
  5 wolf spiders
  2 fauns (Shoals:3)
  2 elephants (Lair:4)
  3 merfolk sirens
  A guardian serpent (Elf:1)
  2 demonic crawlers (Spider:4)
  2 cane toads
  2 komodo dragons
  3 meliai
  5 merfolk
  A tarantella (Spider:2)
  A saltling (Elf:1)
  A dream sheep (Lair:5)
  A blink frog (Lair:4)
  3 snapping turtles
  4 jumping spiders
  A culicivora (Spider:2)
  5 water elementals
  A spriggan (Lair:5)
  2 basilisks
  4 yaks
  13 redbacks
  A small abomination (Lair:5)
  A warg (shapeshifter) (Elf:2)
  A water moccasin (Lair:5)
  An earth elemental (Elf:2)
  A killer bee (D:10)
  A wolf simulacrum (Lair:2)
  2 orcs (Orc:2)
  A river rat simulacrum (Lair:2)
  A foxfire (Lair:1)
141 creatures vanquished.

Vanquished Creatures (others)
  A yaktaur captain (D:13)
  2 deep elf knights (Elf:2)
  A harpy (Shoals:4)
  2 deep elf zephyrmancers
  A vampire (D:14)
  A human (D:14)
  An ogre (Orc:2)
  A small abomination (Lair:5)
  264 foxfires
274 creatures vanquished.

Grand Total: 1613 creatures vanquished

Notes
Turn   | Place    | Note
-------+----------+-------------------------------------------
     0 | D:1      | croobank the Gnoll Monk began the quest for the Orb.
     0 | D:1      | Reached XP level 1. HP: 23/23 MP: 1/1
   133 | D:1      | Reached XP level 2. HP: 29/29 MP: 2/2
   675 | D:1      | Reached XP level 3. HP: 35/35 MP: 3/3
   677 | D:1      | Learned a level 1 spell: Beastly Appendage
   709 | D:1      | Reached skill level 1 in Invocations
  1052 | D:2      | Found a runed translucent door.
  1058 | D:2      | Noticed Crazy Yiuf
  1082 | D:2      | Reached skill level 1 in Long Blades
  1082 | D:2      | Reached skill level 1 in Axes
  1082 | D:2      | Reached skill level 1 in Maces & Flails
  1082 | D:2      | Reached skill level 1 in Polearms
  1082 | D:2      | Reached skill level 1 in Staves
  1082 | D:2      | Reached skill level 1 in Ranged Weapons
  1082 | D:2      | Reached skill level 1 in Throwing
  1082 | D:2      | Reached skill level 1 in Armour
  1082 | D:2      | Reached skill level 1 in Stealth
  1082 | D:2      | Reached skill level 1 in Shields
  1082 | D:2      | Reached skill level 1 in Unarmed Combat
  1082 | D:2      | Reached skill level 1 in Spellcasting
  1082 | D:2      | Reached skill level 1 in Evocations
  1133 | D:2      | Noticed Sigmund
  1154 | D:2      | Identified a scroll of acquirement
  1154 | D:2      | Acquired the amulet of Birdsong {Acrobat Str+3 Dex+3}
  1255 | D:3      | Reached XP level 4. HP: 24/41 MP: 5/5
  1459 | D:3      | Found Ziwk's Weapon Shop.
  1499 | D:3      | Found a bloodstained altar of Trog.
  1499 | D:3      | Noticed Grinder
  1656 | D:3      | Identified the +3 dagger "Jiamo" {heavy, rElec rPois Dex-3}
  1694 | D:3      | Paralysed by Grinder for 5 turns
  1705 | D:3      | Paralysed by Grinder for 4 turns
  1709 | D:3      | Killed Grinder
  1710 | D:3      | Reached skill level 1 in Conjurations
  1710 | D:3      | Reached skill level 1 in Hexes
  1710 | D:3      | Reached skill level 1 in Summonings
  1710 | D:3      | Reached skill level 1 in Necromancy
  1710 | D:3      | Reached skill level 1 in Translocations
  1710 | D:3      | Reached skill level 1 in Transmutations
  1710 | D:3      | Reached skill level 1 in Fire Magic
  1710 | D:3      | Reached skill level 1 in Ice Magic
  1710 | D:3      | Reached skill level 1 in Air Magic
  1710 | D:3      | Reached skill level 1 in Earth Magic
  1710 | D:3      | Reached skill level 1 in Poison Magic
  1710 | D:3      | Reached XP level 5. HP: 6/47 MP: 5/7
  1710 | D:3      | Reached XP level 6. HP: 7/53 MP: 5/8
  2122 | D:2      | Learned a level 2 spell: Wereblood
  2437 | D:2      | Noticed Natasha
  2445 | D:2      | Killed Natasha
  2722 | D:2      | Noticed Natasha
  2731 | D:2      | Killed Natasha
  2757 | D:2      | Killed Sigmund
  2758 | D:2      | Reached XP level 7. HP: 37/60 MP: 7/10
  3285 | D:4      | Identified the +5 spear "Boniassa" {freeze, Fly Str+4 SInv}
  3867 | D:4      | Found an ornate altar of the Wu Jian Council.
  3893 | D:4      | Found Nofil's Weapon Boutique.
  3943 | D:4      | Found Mazieth's Distillery.
  3951 | D:4      | Bought a potion of degeneration for 10 gold pieces
  4219 | D:4      | Found Taqat's Lightly-Used Armoury.
  4255 | D:4      | Bought a -1 quick blade for 110 gold pieces
  4456 | D:5      | Entered Level 5 of the Dungeon
  4601 | D:5      | Noticed a troll
  4608 | D:5      | Killed a troll
  4609 | D:5      | Reached XP level 8. HP: 67/67 MP: 8/12
  5677 | D:5      | Reached XP level 9. HP: 73/73 MP: 11/14
  5681 | D:5      | Learned a level 3 spell: Spider Form
  5743 | D:6      | Found a staircase to the Ecumenical Temple.
  5760 | Temple   | Entered the Ecumenical Temple
  5760 | Temple   | Noticed a Brimstone Fiend
  5760 | Temple   | Noticed a hell beast
  5761 | Temple   | Noticed Wataw the pandemonium lord
  5761 | Temple   | Noticed Qanadd the pandemonium lord
  5761 | Temple   | Noticed a sun demon
  5762 | Temple   | Noticed an ice devil
  5785 | Temple   | Noticed a hell beast
  5789 | Temple   | Noticed Mung the pandemonium lord
  5789 | Temple   | Noticed a Tzitzimitl
  5797 | Temple   | Noticed a hellion
  5804 | Temple   | Noticed Rugatasa the pandemonium lord
  5806 | Temple   | Noticed a blizzard demon
  5819 | Temple   | Noticed Cesmah the pandemonium lord
  5834 | Temple   | Noticed Xalucybelu the pandemonium lord
  5834 | Temple   | Noticed a tormentor
  5835 | Temple   | Noticed a reaper
  5854 | Temple   | Became a worshipper of Gozag Ym Sagoz the Greedy
  6111 | D:6      | Found a broken altar of Ashenzari.
  6114 | D:6      | Found a glowing silver altar of Zin.
  6125 | D:6      | Found a glowing drain.
  6143 | Sewer    | Entered a sewer
  6438 | Sewer    | Learned a level 3 spell: Call Canine Familiar
  6619 | D:6      | Reached skill level 5 in Invocations
  7010 | D:6      | Found a shimmering blue altar of Sif Muna.
  7163 | D:7      | Got the Verses on the Frostbitten Summer
  7173 | D:7      | Learned a level 3 spell: Frozen Ramparts
  7180 | D:7      | Found a sand-covered staircase.
  7184 | Ossuary  | Entered an ossuary
  7491 | Ossuary  | Noticed Menkaure
  7498 | Ossuary  | Killed Menkaure
  7809 | D:7      | Noticed Pikel
  7826 | D:7      | Killed Pikel
  7827 | D:7      | Reached skill level 5 in Long Blades
  7827 | D:7      | Reached skill level 5 in Axes
  7827 | D:7      | Reached skill level 5 in Maces & Flails
  7827 | D:7      | Reached skill level 5 in Polearms
  7827 | D:7      | Reached skill level 5 in Staves
  7827 | D:7      | Reached skill level 5 in Ranged Weapons
  7827 | D:7      | Reached skill level 5 in Throwing
  7827 | D:7      | Reached skill level 5 in Armour
  7827 | D:7      | Reached skill level 5 in Stealth
  7827 | D:7      | Reached skill level 5 in Shields
  7827 | D:7      | Reached skill level 5 in Unarmed Combat
  7827 | D:7      | Reached skill level 5 in Spellcasting
  7827 | D:7      | Reached skill level 5 in Evocations
  7827 | D:7      | Reached XP level 10. HP: 77/82 MP: 15/17
  8664 | D:8      | Identified the ring of the Muttering Gods {Wiz rPois rN+
                  | Dex+4}
  9018 | D:8      | Found a runed translucent door.
  9018 | D:8      | Noticed a tengu warrior
  9018 | D:8      | Noticed Wiggles's ghost (novice MiBe)
  9046 | D:8      | Found a burning altar of Makhleb.
  9869 | D:9      | Reached skill level 5 in Conjurations
  9869 | D:9      | Reached skill level 5 in Hexes
  9869 | D:9      | Reached skill level 5 in Summonings
  9869 | D:9      | Reached skill level 5 in Necromancy
  9869 | D:9      | Reached skill level 5 in Translocations
  9869 | D:9      | Reached skill level 5 in Transmutations
  9869 | D:9      | Reached skill level 5 in Fire Magic
  9869 | D:9      | Reached skill level 5 in Ice Magic
  9869 | D:9      | Reached skill level 5 in Air Magic
  9869 | D:9      | Reached skill level 5 in Earth Magic
  9869 | D:9      | Reached skill level 5 in Poison Magic
  9873 | D:9      | Reached XP level 11. HP: 89/89 MP: 18/20
 10184 | D:10     | Entered Level 10 of the Dungeon
 10540 | D:10     | Found the +5 woodcutter's axe
 10614 | D:10     | Noticed a two-headed ogre
 10629 | D:10     | Killed a two-headed ogre
 10645 | D:10     | Found a white marble altar of Elyvilon.
 11021 | D:10     | Found a staircase to the Orcish Mines.
 11115 | D:11     | Found a staircase to the Lair.
 11434 | D:11     | Noticed a flayed ghost
 11434 | D:11     | Noticed an ettin
 11434 | D:11     | Noticed a deep troll
 11435 | D:11     | Found a runed translucent door.
 11437 | D:11     | Noticed a phantasmal warrior
 11437 | D:11     | Noticed a wolf spider
 11437 | D:11     | Noticed a tengu reaver
 11437 | D:11     | Noticed a deep elf archer
 11437 | D:11     | Noticed a harpy
 11920 | D:11     | Noticed Erolcha
 11955 | D:11     | Killed Erolcha
 12504 | D:12     | Noticed a purple ugly thing
 12518 | D:12     | Killed a purple ugly thing
 12519 | D:12     | Reached XP level 12. HP: 97/97 MP: 19/22
 12811 | D:12     | Noticed a two-headed ogre
 12819 | D:12     | Killed a two-headed ogre
 13004 | D:12     | Reached skill level 10 in Fighting
 13004 | D:12     | Reached skill level 10 in Short Blades
 13004 | D:12     | Reached skill level 10 in Dodging
 13045 | D:12     | Learned a level 4 spell: Summon Ice Beast
 13517 | D:13     | Noticed a centaur warrior
 13521 | D:13     | Killed a centaur warrior
 13550 | D:13     | Noticed a two-headed ogre
 13553 | D:13     | Killed a two-headed ogre
 13836 | D:13     | Found Bijej's Book Shop.
 13841 | D:13     | Found a gate to the Vaults.
 13844 | D:13     | Noticed a yaktaur captain
 13844 | D:13     | Noticed Jorgrun
 13872 | D:13     | Killed a yaktaur captain
 13872 | D:13     | Killed Jorgrun
 13874 | D:13     | Reached XP level 13. HP: 61/104 MP: 23/25
 13974 | D:13     | Learned a level 1 spell: Foxfire
 14447 | Lair:1   | Entered Level 1 of the Lair of Beasts
 15633 | Lair:1   | Identified the +7 shortbow of Siviuxty {speed, rElec}
 15853 | Lair:1   | Learned a level 5 spell: Fireball
 16270 | Lair:2   | Found a staircase to the Shoals.
 16442 | Lair:2   | Learned a level 5 spell: Freezing Cloud
 16797 | Lair:2   | Found a hole to the Spider Nest.
 17896 | Lair:4   | Identified the +0 longbow "Ravots" {heavy, rF+ rN+}
 18525 | Lair:4   | Reached XP level 14. HP: 113/113 MP: 7/27
 18550 | Lair:4   | Reached skill level 10 in Invocations
 19109 | Lair:4   | Found a staircase to the Slime Pits.
 19109 | Lair:4   | Found a viscous altar of Jiyva.
 19625 | Lair:5   | Entered Level 5 of the Lair of Beasts
 20889 | Lair:5   | Learned a level 5 spell: Arcjolt
 21022 | Lair:5   | Noticed a dire elephant
 21051 | Lair:5   | Killed a dire elephant
 22284 | Lair:5   | Reached skill level 10 in Long Blades
 22284 | Lair:5   | Reached skill level 10 in Axes
 22284 | Lair:5   | Reached skill level 10 in Maces & Flails
 22284 | Lair:5   | Reached skill level 10 in Polearms
 22284 | Lair:5   | Reached skill level 10 in Staves
 22284 | Lair:5   | Reached skill level 10 in Ranged Weapons
 22284 | Lair:5   | Reached skill level 10 in Throwing
 22284 | Lair:5   | Reached skill level 10 in Armour
 22284 | Lair:5   | Reached skill level 10 in Stealth
 22284 | Lair:5   | Reached skill level 10 in Shields
 22284 | Lair:5   | Reached skill level 10 in Unarmed Combat
 22284 | Lair:5   | Reached skill level 10 in Spellcasting
 22284 | Lair:5   | Reached skill level 10 in Evocations
 22561 | Lair:5   | Found a corrupted altar of Lugonu.
 22563 | Lair:5   | Found a one-way gate to the infinite horrors of the Abyss.
 22820 | D:14     | Noticed Kirke
 22828 | D:14     | Reached XP level 15. HP: 83/120 MP: 18/29
 22853 | D:14     | Killed Kirke
 23586 | D:14     | Noticed Agnes
 23590 | D:14     | Found Pietiuqare's Changing Room.
 23595 | D:14     | Killed Agnes
 24190 | D:14     | Identified the amulet "Yfie" {Spirit rN+++ Str-2 Int+3
                  | Slay+3}
 24426 | D:14     | Identified the +1 quarterstaff "Cuoqoara" {spect, *Noise
                  | Will++ Str-4 Dex+3}
 24592 | D:15     | Entered Level 15 of the Dungeon
 24592 | D:15     | Noticed Rupert
 24617 | D:15     | Killed Rupert
 25015 | D:15     | Noticed Louise
 25042 | D:15     | Killed Louise
 25108 | D:15     | Learned a level 2 spell: Blink
 25652 | D:15     | Found a staircase to the Depths.
 25925 | D:15     | Found a transporter.
 25925 | D:15     | Found Qalicio's General Store.
 25927 | D:15     | Found a transporter.
 25933 | D:15     | Bought a potion of invisibility for 128 gold pieces
 26051 | Orc:1    | Entered Level 1 of the Orcish Mines
 26438 | Orc:1    | Found Zaplic's Jewellery Emporium.
 26519 | Orc:1    | Bought a ring of protection from fire for 350 gold pieces
 26519 | Orc:1    | Bought a ring of protection from cold for 350 gold pieces
 26751 | Orc:1    | Found a runed translucent door.
 26759 | Orc:1    | Found a shimmering altar of Xom.
 26759 | Orc:1    | Noticed safid's ghost (journeyman MfIE)
 26981 | Orc:1    | Noticed Snorg
 26990 | Orc:1    | Killed Snorg
 27069 | Orc:1    | Found an iron altar of Okawaru.
 27376 | Orc:2    | Entered Level 2 of the Orcish Mines
 27676 | Orc:2    | Found a staircase to the Elven Halls.
 27729 | Orc:2    | Noticed Maurice
 27734 | Orc:2    | Reached XP level 16. HP: 129/129 MP: 8/30
 27739 | Orc:2    | Killed Maurice
 27786 | Orc:2    | Noticed Saint Roka
 27806 | Orc:2    | Killed Saint Roka
 28317 | Orc:2    | Found Casmoc's Assorted Antiques.
 28319 | Orc:2    | Found Lelell's General Store.
 28327 | Orc:2    | Found Namauq's Distillery.
 28328 | Orc:2    | Found Vesky's Weapon Shoppe.
 28330 | Orc:2    | Bought a scroll of summoning for 152 gold pieces
 28330 | Orc:2    | Bought a potion of heal wounds for 80 gold pieces
 28330 | Orc:2    | Bought a phantom mirror for 640 gold pieces
 28350 | Orc:2    | Bought a potion of magic for 112 gold pieces
 28350 | Orc:2    | Bought a potion of invisibility for 112 gold pieces
 28350 | Orc:2    | Bought a potion of resistance for 140 gold pieces
 28350 | Orc:2    | Bought a potion of might for 56 gold pieces
 29413 | D:13     | Bought a book of Beasts for 570 gold pieces
 29548 | Orc:2    | Learned a level 5 spell: Summon Mana Viper
 29672 | Spider:1 | Entered Level 1 of the Spider Nest
 32489 | Spider:1 | Identified the +3 scale mail "Mikejuba" {rElec}
 32698 | Spider:1 | Reached XP level 17. HP: 135/137 MP: 30/32
 33031 | Spider:2 | Reached skill level 10 in Conjurations
 33031 | Spider:2 | Reached skill level 10 in Hexes
 33031 | Spider:2 | Reached skill level 10 in Summonings
 33031 | Spider:2 | Reached skill level 10 in Necromancy
 33031 | Spider:2 | Reached skill level 10 in Translocations
 33031 | Spider:2 | Reached skill level 10 in Transmutations
 33031 | Spider:2 | Reached skill level 10 in Fire Magic
 33031 | Spider:2 | Reached skill level 10 in Ice Magic
 33031 | Spider:2 | Reached skill level 10 in Air Magic
 33031 | Spider:2 | Reached skill level 10 in Earth Magic
 33031 | Spider:2 | Reached skill level 10 in Poison Magic
 34501 | Spider:2 | Found a runed translucent door.
 34501 | Spider:2 | Noticed monsoonserge's ghost (adept MiBe)
 34502 | Spider:2 | Found a shimmering altar of Xom.
 34502 | Spider:2 | Identified the +7 scimitar "Xoram" {chaos, rF+ MP+9}
 36645 | Spider:4 | Entered Level 4 of the Spider Nest
 37912 | Spider:4 | Noticed Roxanne
 38257 | D:3      | Bought the +6 morningstar of the Modern Beasts {antimagic,
                  | rF+++ Will- rCorr} for 1110 gold pieces
 38641 | Spider:4 | Killed Roxanne
 39168 | Spider:4 | Identified the +1 rapier of Lies {flame, Str+3 Int-3}
 39543 | Spider:4 | Reached XP level 18. HP: 71/145 MP: 2/34
 39828 | Spider:4 | Got a gossamer rune of Zot
 40117 | Lair:2   | Learned a level 2 spell: Momentum Strike
 40310 | Orc:2    | Bought the +8 whip "Aluan" {venom, Drain rC++ Will+++} for
                  | 1438 gold pieces
 40353 | Elf:1    | Entered Level 1 of the Elven Halls
 40700 | Orc:2    | Learned a level 6 spell: Statue Form
 41256 | Elf:1    | Found a radiant altar of Vehumet.
 41584 | Elf:1    | Got Puthreh's Incunable of Calling
 42220 | Elf:1    | Found a shimmering blue altar of Sif Muna.
 42220 | Elf:1    | Noticed Nikola
 42234 | Elf:1    | Killed Nikola
 42484 | Elf:2    | Found a huge runed translucent gate.
 42484 | Elf:2    | Found a huge runed translucent gate.
 42484 | Elf:2    | Found a huge runed translucent gate.
 42484 | Elf:2    | Found a huge runed translucent gate.
 42485 | Elf:2    | Found a huge runed translucent gate.
 42596 | Elf:2    | Paralysed by an air elemental for 1 turns
 42806 | Elf:2    | Found Qedem's Weapon Shop.
 43690 | Shoals:1 | Entered Level 1 of the Shoals
 45854 | Shoals:2 | Reached XP level 19. HP: 79/153 MP: 16/36
 46623 | Shoals:3 | Noticed Qidumn's ghost (adept MiFi)
 46623 | Shoals:3 | Found a runed translucent door.
 46623 | Shoals:3 | Found a shimmering altar of Xom.
 48304 | Shoals:3 | Identified the +2 animal skin of Koiguish {Contam rElec
                  | Will++ MP+9}
 48492 | Shoals:4 | Entered Level 4 of the Shoals
 48584 | Shoals:4 | Got a barnacled rune of Zot
 49078 | Shoals:4 | Reached skill level 15 in Fighting
 49078 | Shoals:4 | Reached skill level 15 in Short Blades
 49078 | Shoals:4 | Reached skill level 15 in Dodging
 49082 | Shoals:4 | Noticed Ilsuiw
 49126 | Shoals:4 | Killed Ilsuiw
 49527 | Shoals:4 | Identified the staff of fire "Niem" {rF+ rN+ Str-3 Int+6
                  | SInv}
 49748 | Shoals:4 | Identified the staff of air "Keguat" {rElec rPois Will++
                  | Str+3 Int-2}
 50652 | Shoals:4 | Found a runed translucent door.
 50653 | Shoals:4 | Found a shimmering altar of Xom.
 50653 | Shoals:4 | Noticed jujuben's ghost (adept MfGl)
 50770 | Shoals:4 | Got the Precepts of Blazing Bringing Forth
 51147 | Orc:2    | Learned a level 6 spell: Summon Cactus Giant
 51404 | Elf:2    | Reached skill level 15 in Invocations
 51799 | Elf:2    | Reached XP level 20. HP: 70/162 MP: 1/37
 52308 | Elf:3    | Entered Level 3 of the Elven Halls
 52316 | Elf:3    | Paralysed by an air elemental for 1 turns
 52569 | Elf:3    | Found a transporter.
 52570 | Elf:3    | Noticed Taurus's ghost (adept MiFi)
 52583 | Elf:3    | Found a bloodstained altar of Trog.
 52659 | Elf:3    | Found a transporter.
 53022 | Elf:3    | Noticed Zenata
 53062 | Elf:3    | Killed Zenata
 54124 | Elf:3    | Identified the +0 ring mail of Kikionoo {Int+2}
 54154 | Elf:3    | Identified the ring "Wiynen" {rC- MP+9 Int+8 Dex+3 SInv}
 54894 | Elf:3    | Identified the +2 leather armour of Fukir {Harm rCorr
                  | Str+3}
 54903 | Elf:3    | Identified the ring "Bixetus" {rF+ rC+ Int+2}
 54905 | Elf:3    | Identified the +5 long sword "Qanaluby" {vamp, *Slow rN+
                  | Will+ SInv}
 54906 | Elf:3    | Identified the staff of earth "Bauciarch" {rPois Dex+2}
 54908 | Elf:3    | Reached skill level 15 in Shields
 55082 | Elf:3    | Identified the +8 arbalest of the Genius {heavy, Dex+3}
 56199 | Elf:3    | Identified the staff of air "Ythaopp" {+Blink rElec rF+
                  | Int+3}
 56211 | Elf:3    | Got Ixtalinebe's Lessons on Fulgurous Corruption
 56700 | Vaults:1 | Entered Level 1 of the Vaults
 56821 | Vaults:1 | Noticed Donald
 56839 | Vaults:1 | Slain by Donald

Illustrated notes

Levels and vault maps discovered:
D:1:      giann_forest_graveyard, layout_rooms, dreamdust_princess_corridor,
          minmay_tiny_reverse_x
D:2:      layout_loops_ring, uniq_natasha, uniq_crazy_yiuf_cottage, uniq_sigmund
D:3:      layout_loops_ring, lightli_temple_of_fire, serial_shops, shop,
          uniq_grinder
D:4:      layout_rooms, lemuel_tele_altar, serial_shops, shop,
          nicolae_shop_waterfront, hangedman_decor_push, minmay_shop_damaged
D:5:      layout_basic
D:6:      layout_basic, lemuel_blue_sif_altar,
          chequers_temple_overflow_statue_of_worship, minmay_temple_entry_waves,
          portal_sewer_entry_f, minmay_holes, minmay_misc_feat_plants
D:7:      layout_loops_ring, enter_ossuary_5, minivault_14,
          minmay_misc_feat_iff, uniq_pikel
D:8:      layout_rooms, mainiacjoe_overflow_chevrons, ebering_ghost_inner_flame,
          amcnicky_mini_rare_corridor_liquid
D:9:      layout_roguey
D:10:     minmay_general_purpose_star, layout_cave_pools,
          mainiacjoe_overflow_concentric_impassable, orc_0_dummy,
          lightli_orcish_oven
D:11:     minmay_gate_of_8, layout_stronghold, nrook_mini_backslash,
          moated_statue, uniq_erolcha
D:12:     layout_irregular_city
D:13:     layout_loops_corners, david_vaults_2, serial_shops,
          nicolae_shop_tiny_glass, uniq_jorgrun
D:14:     layout_layer_cave, nicolae_transmutations_shop, minmay_pinched_square,
          uniq_kirke, uniq_agnes
D:15:     grunt_enter_depths_hoard, layout_gridville, serial_glass,
          glass_columns_b, glass_columns_a, glass_columns_c, glass_columns_b,
          glass_columns_c, glass_columns_c, glass_columns_b, glass_columns_a,
          glass_columns_b, glass_columns_a, glass_columns_c, glass_columns_a,
          glass_columns_b, glass_columns_b, due_unseen_surprise,
          minmay_strange_pillars, feat_on_display, serial_shops,
          nicolae_shop_drivethru, minmay_sticks_and_stones, uniq_rupert,
          uniq_louise
Temple:   nicolae_temple_panitentiary
Lair:1:   layout_big_grid, chequers_serial_rivers_large_a,
          grunt_forest_stairs_basic, hangedman_lair_generics_rect,
          grunt_megastairs_4
Lair:2:   layout_roguey, nicolae_shoals_entry_roost, spider_nest_entry_a,
          eino_house_with_fridge
Lair:3:   layout_big_grid
Lair:4:   layout_roguey, minmay_slime_entry_jelly_boxes, beast_lair_carwin_4,
          infiniplex_staircase_pool_2
Lair:5:   hellmonk_lair_end_abyssal_woods, layout_gridlike
Shoals:1: layout_shoals
Shoals:2: layout_shoals, nicolae_shoals_gull_way
Shoals:3: argonaut_golden_fleece, layout_shoals, ebering_ghost_xom
Shoals:4: shoals_end_hangedman, layout_shoals, shoal_ilsuiw, ebering_ghost_xom
Spider:1: layout_spider_delve
Spider:2: layout_spider_delve, ebering_ghost_xom
Spider:3: layout_cave_pods, hangedman_spider_tarantella_strand
Spider:4: hellmonk_spider_rune_bug_friends, uniq_roxanne
Orc:1:    layout_caves, ebering_ghost_xom, basic_altar, serial_shops, shop,
          okawaru_metal_pillars_1_2, uniq_snorg
Orc:2:    st_orc_open, layout_caves, nicolae_orc_damp_corner,
          hellmonk_guarded_unrand_dark_maul, uniq_maurice, uniq_saint_roka
Elf:1:    nicolae_elf_arrival_fired_up, layout_loops_ring, basic_altar,
          portal_desolation_entry_nicolae_nacl, minmay_elf_demonology,
          abandoned_shop, lemuel_upstairs_altar, uniq_nikola
Elf:2:    elven_hall_of_blades_hangedman_alternative
          [infiniplex_blade_entry_pillars], layout_gridlike, serial_shops,
          nicolae_shop_bloodbath_and_beyond,
          dilly_guarded_unrand_elemental_staff
Elf:3:    elf_hall_gauntlet_wide, layout_loops_corners,
          gammafunk_ghost_wrathful_warriors, uniq_zenata
Vaults:1: hangedman_vaults_restitches, hangedman_vaults_nodes, v_pattern_3,
          vaults_mumra_hex, vaults_room_large_hall, nicolae_vaults_trapezoid_4,
          serial_ice_b, nicolae_vaults_doubleplus_tesselated,
          vaults_room_grunt_arrival_ludios, vaults_room_semicircle,
          nicolae_vaults_house_1, vaults_room_hallway,
          nicolae_vaults_angled_halls, nicolae_vaults_house_3,
          layout_vaults_maze_snakey, uniq_donald

Skill      XL: |  1  2  3  4  5  6  7  8  9 10 11 12 13 14 15 16 17 18 19 20 |
---------------+-------------------------------------------------------------+-----
Invocations    | 1 2 3 4 5 6 7 8 9 10 11 12 13 14 15 | 15.5
Long Blades    | 1 2 3 5 6 7 8 9 10 11 12 13 14 | 14.3
Axes           | 1 2 3 5 6 7 8 9 10 11 12 13 14 | 14.3
Maces & Flails | 1 2 3 5 6 7 8 9 10 11 12 13 14 | 14.3
Polearms       | 1 2 3 5 6 7 8 9 10 11 12 13 14 | 14.3
Staves         | 1 2 3 5 6 7 8 9 10 11 12 13 14 | 14.3
Ranged Weapons | 1 2 3 5 6 7 8 9 10 11 12 13 14 | 14.3
Throwing       | 1 2 3 5 6 7 8 9 10 11 12 13 14 | 14.3
Armour         | 1 2 3 5 6 7 8 9 10 11 12 13 14 | 14.3
Stealth        | 1 2 3 5 6 7 8 9 10 11 12 13 14 | 14.3
Shields        | 1 2 3 5 6 7 8 9 10 11 12 13 14 15 | 15.2
Unarmed Combat | 1 2 3 5 6 7 8 9 10 11 12 13 14 | 14.3
Spellcasting   | 1 2 3 5 6 7 8 9 10 11 12 13 14 | 14.3
Evocations     | 1 2 3 5 6 7 8 9 10 11 12 13 14 | 14.3
Conjurations   | 1 2 3 4 5 6 7 8 9 10 11 12 | 12.1
Hexes          | 1 2 3 4 5 6 7 8 9 10 11 12 | 12.1
Summonings     | 1 2 3 4 5 6 7 8 9 10 11 12 | 12.1
Necromancy     | 1 2 3 4 5 6 7 8 9 10 11 12 | 12.1
Translocations | 1 2 3 4 5 6 7 8 9 10 11 12 | 12.1
Transmutations | 1 2 3 4 5 6 7 8 9 10 11 12 | 12.1
Fire Magic     | 1 2 3 4 5 6 7 8 9 10 11 12 | 12.1
Ice Magic      | 1 2 3 4 5 6 7 8 9 10 11 12 | 12.1
Air Magic      | 1 2 3 4 5 6 7 8 9 10 11 12 | 12.1
Earth Magic    | 1 2 3 4 5 6 7 8 9 10 11 12 | 12.1
Poison Magic   | 1 2 3 4 5 6 7 8 9 10 11 12 | 12.1
Fighting       | 7 8 9 10 11 12 13 14 15 | 15.5
Short Blades   | 7 8 9 10 11 12 13 14 15 | 15.5
Dodging        | 7 8 9 10 11 12 13 14 15 | 15.5

Action                     |  1- 3 |  4- 6 |  7- 9 | 10-12 | 13-15 | 16-18 | 19-21 || total
---------------------------+-------+-------+-------+-------+-------+-------+-------++-------
  Melee: Short sword       |   120 |    16 |       |       |       |       |       ||   136
         Bite              |    15 |     7 |    39 |    90 |   276 |   276 |   129 ||   832
         Headbutt          |     7 |     2 |    32 |   115 |    51 |    17 |     4 ||   228
         Kick              |     3 |     3 |    74 |   180 |    65 |    30 |     4 ||   359
         Dagger            |       |    54 |    32 |    89 |   172 |    71 |    32 ||   450
         Punch             |       |     2 |       |       |       |       |       ||     2
         Spear             |       |       |   382 |   468 |   235 |   219 |       ||  1304
         Unarmed           |       |       |     6 |     6 |    21 |       |       ||    33
         Quick blade       |       |       |       |   112 |  1030 |   604 |   108 ||  1854
         Morningstar       |       |       |       |       |       |   211 |   235 ||   446
         Whip              |       |       |       |       |       |   316 |   335 ||   651
         Staff             |       |       |       |       |       |       |     8 ||     8
  Throw: Javelin           |     5 |     8 |       |     1 |    76 |    54 |    17 ||   161
         Throwing net      |       |       |     2 |       |       |       |       ||     2
   Cast: Beastly Appendage |     6 |     7 |    52 |    46 |    10 |     6 |     1 ||   128
         Wereblood         |       |     7 |    47 |    48 |     8 |     3 |     1 ||   114
         Spider Form       |       |       |     1 |     1 |     2 |       |       ||     4
         Frozen Ramparts   |       |       |       |    17 |    21 |    18 |       ||    56
         Call Canine Famil |       |       |       |     9 |    35 |    30 |    11 ||    85
         Summon Ice Beast  |       |       |       |     2 |    49 |    36 |     8 ||    95
         Foxfire           |       |       |       |       |   141 |     9 |     1 ||   151
         Fireball          |       |       |       |       |    24 |     2 |    50 ||    76
         Freezing Cloud    |       |       |       |       |    62 |    76 |     7 ||   145
         Arcjolt           |       |       |       |       |    24 |    71 |    33 ||   128
         Blink             |       |       |       |       |     1 |     2 |     1 ||     4
         Summon Mana Viper |       |       |       |       |       |    73 |    43 ||   116
         Statue Form       |       |       |       |       |       |     3 |     2 ||     5
         Summon Cactus Gia |       |       |       |       |       |       |    20 ||    20
 Invoke: Potion Petition   |       |       |       |       |     1 |     3 |    10 ||    14
Ability: End Transformatio |       |       |       |       |       |       |     1 ||     1
  Evoke: Wand              |       |       |     1 |     6 |    20 |     5 |     6 ||    38
         Condenser vane    |       |       |       |     1 |     1 |     1 |       ||     3
         Lightning rod     |       |       |       |       |       |       |     4 ||     4
    Use: Potion            |     3 |     3 |     4 |     5 |     8 |    23 |     8 ||    54
         Scroll            |     2 |     4 |     7 |    17 |    15 |    14 |    11 ||    70
   Stab: Sleeping          |       |       |     3 |    13 |    20 |    21 |       ||    57
         Distracted        |       |       |     3 |     7 |     9 |    19 |     8 ||    46
         Invisible         |       |       |       |     1 |     1 |     9 |     3 ||    14
         Petrified         |       |       |       |       |     3 |       |       ||     3
 Armour: Robe              |    17 |     5 |     7 |       |       |       |       ||    29
         Skin              |       |       |     7 |     1 |     1 |    51 |    13 ||    73
         Troll leather arm |       |       |    14 |    55 |   262 |   290 |    96 ||   717
         Animal skin       |       |       |       |       |       |       |    24 ||    24
  Dodge: Dodged            |    89 |    55 |   194 |   399 |   749 |   952 |   391 ||  2829
  Block: Buckler           |       |       |       |    71 |   316 |   471 |   258 ||  1116
